 Dungeon Crawl Stone Soup version 0.30-a0-279-g4b46babb21 (webtiles) character file.

Game seed: 4390964658038873363

63 mandarbmax the Shield-Bearer (level 4, 0/24 HPs)
             Began as a Vine Stalker Fighter on Oct 16, 2022.
             Was a Believer of Uskayaw.
             Slain by Sigmund
             ... wielding a +2 scythe of distortion
              (5 damage)
             ... on level 2 of the Dungeon.
             The game lasted 00:03:18 (1170 turns).

mandarbmax the Shield-Bearer (Vine Stalker Fighter) Turns: 1170, Time: 00:03:18

Health: 0/24       AC: 14    Str: 18    XL:     4   Next: 9%
Magic:  0/5        EV:  6    Int:  8    God:    Uskayaw [**....]
Gold:   9          SH:  5    Dex: 16    Spells: 3/3 levels left

rFire   . . .      SeeInvis .    a - +0 rapier
rCold   . . .      Faith    .    c - +0 buckler
rNeg    . . .      Spirit   +    u - +4 chain mail
rPois   .          Reflect  .    o - +0 helmet
rElec   .          Harm     .    (no cloak)
rCorr   .          Rampage  .    (no gloves)
Will    .....                    (no boots)
Stlth   ..........               (no amulet)
HPRegen 1.04/turn                (no ring)
MPRegen 0.09/turn                (no ring)

@: mighty, about to teleport
A: fangs 2, regeneration 1, magic shield, antimagic bite, no potion heal 2
a: Renounce Religion, Stomp, Line Pass


You were on level 2 of the Dungeon.
You worshipped Uskayaw.
Uskayaw was noncommittal.
You visited 1 branch of the dungeon, and saw 2 of its levels.

You collected 54 gold pieces.
You spent 45 gold pieces at shops.

Inventory:

Hand Weapons
 a - a +0 rapier (weapon)
 j - a +2 dagger of venom
Missiles
 g - 3 javelins (quivered)
 l - 6 poisoned darts
Armour
 c - a +0 buckler (worn)
 o - a +0 helmet (worn)
 u - a +4 chain mail (worn)
Scrolls
 b - a scroll of fear {unknown}
 i - a scroll of teleportation
 p - a scroll of amnesia
 r - 2 scrolls of identify {unknown}
 s - a scroll of summoning {unknown}
 t - a scroll of enchant armour {unknown}
Potions
 e - 2 potions of berserk rage {unknown}
 f - a potion of resistance {unknown}
 h - a potion of lignification {unknown}
 m - a potion of cancellation {unknown}
 n - a potion of mutation {unknown}


   Skills:
 - Level 3.0 Fighting
 + Level 2.9 Short Blades
 - Level 3.0 Armour
 - Level 3.0 Shields


You had 3 spell levels left.
You didn't know any spells.
Your spell library was empty.

Dungeon Overview and Level Annotations

Branches:
Dungeon (2/15)

Altars:
Uskayaw

Shops:
D:1 [

Annotations:
D:2 Sigmund


Innate Abilities, Weirdness & Mutations

You have extremely sharp teeth.
Your natural rate of healing is unusually fast.
When hurt, damage is shared between your health and your magic reserves.
Your bite disrupts and absorbs the magic of your enemies.
Potions cannot restore your health.


Message History

Press: ? - help, Q - select action, (/) - cycle Shift-Dir - straight line, f/p - Sigmund
Aim: Sigmund, wielding a +2 scythe of distortion and wearing a +1 robe of cold resistance (moderately wounded, 57% to hit)
You throw a javelin.
The javelin pierces through Sigmund but does no damage.
Sigmund is moderately wounded.
A jackal comes into view.
The ball python hisses angrily.
The jackal barks!
The jackal moves out of view.
Sigmund casts a spell.
Sigmund flickers and vanishes!
Deactivating autopickup; reactivate with Ctrl-A.
A jackal comes into view.
You miss something.
The jackal barks!
Your bite misses something. Something hits you. Space warps around you!
You miss something. You block the jackal's attack.
You hear some strange, mumbled words.
Something tries to affect you, but you resist.
You can no longer pass through a line of other dancers.
You hit something. The jackal bites you. Something hits you.
Space warps around you.
The jackal bites you but does no damage.
You can now pass through a line of other dancers.
You barely miss something. Your bite misses something.
An endoplasm comes into view.
The jackal bites you but does no damage.
Something hits you.
* * * LOW HITPOINT WARNING * * *
Space warps around you.
* * * LOW HITPOINT WARNING * * *
Okay, then.
Okay, then.
As you read the scroll labelled FORISHICRO, it crumbles to dust.
It is a scroll of amnesia.
You feel forgetful for a moment. You block the jackal's attack.
The jackal bites you but does no damage.
As you read the scroll labelled NOOMUX QIGIVUC, it crumbles to dust.
You feel strangely unstable.
It was a scroll of teleportation.
Something hits you but does no damage. Space warps around you.
You die...

.. @.. ........###
#......##..#########.###
........................
..J((......######.##....
........##......##.... .
....#..##......##.#.#
#..##..#..##...[..##.#.#
.....hh#..##......##.#.#
#....S{@..##...)..##.#.#
##.##.##..##......# .#
#.##.##..##......#
.........##......#
#..#.#....'......# #
#.#.##......#
.............#
#.#.#.#####.#### #.#.#..
#.#.. .


You could see an endoplasm, 2 jackals and a ball python.

Vanquished Creatures
  A gnoll (D:1)
  An adder (D:2)
  A worm (D:2)
  5 ball pythons
  4 bats (D:1)
  6 endoplasms
  3 giant cockroaches (D:1)
  4 goblins
  3 hobgoblins (D:1)
  A jackal (D:2)
  2 quokkas (D:2)
  3 frilled lizards (D:1)
  4 kobolds
  2 rats
40 creatures vanquished.

Vanquished Creatures (others)
  4 plants (D:1)
4 creatures vanquished.

Grand Total: 44 creatures vanquished

Notes
Turn   | Place    | Note
-------+----------+-------------------------------------------
     0 | D:1      | mandarbmax the Vine Stalker Fighter began the quest for the
                  | Orb.
     0 | D:1      | Reached XP level 1. HP: 11/11 MP: 2/2
   111 | D:1      | Reached XP level 2. HP: 16/16 MP: 3/3
   510 | D:1      | Reached XP level 3. HP: 17/20 MP: 4/4
   607 | D:1      | Found Xaakaan's Armour Shop.
   614 | D:1      | Bought a +0 helmet for 45 gold pieces
   933 | D:2      | Found a hide-covered altar of Uskayaw.
   950 | D:2      | Became a worshipper of Uskayaw the Reveller
  1082 | D:2      | Reached * piety under Uskayaw
  1090 | D:2      | Reached ** piety under Uskayaw
  1144 | D:2      | Noticed Sigmund
  1156 | D:2      | Gained mutation: Your natural rate of healing is unusually
                  | fast. [Vine Stalker growth]
  1156 | D:2      | Reached XP level 4. HP: 24/24 MP: 5/5
  1170 | D:2      | Slain by Sigmund

Illustrated notes

Levels and vault maps discovered:
D:1:      minmay_arrival_wavy_path, layout_basic, serial_bayou,
          serial_bayou_lagoon_a, serial_bayou_pond_b, serial_bayou_shore_b,
          serial_bayou_pond_c, serial_shops, shop, st_stairs_4
D:2:      layout_basic, basic_altar, uniq_terence, uniq_sigmund

Skill      XL: |  1  2  3 |
---------------+----------+-----
Short Blades   | 2 |  2.9
Fighting       | 3 |  3.0
Shields        | 3 |  3.0
Armour         | 3 |  3.0

Action                   |  1- 3 |  4- 6 || total
-------------------------+-------+-------++-------
Melee: Rapier            |   117 |     4 ||   121
       Bite              |    28 |       ||    28
Throw: Javelin           |     1 |     3 ||     4
  Use: Potion            |     1 |       ||     1
       Scroll            |       |     2 ||     2
Armor: Scale mail        |    20 |       ||    20
       Plate armour      |    41 |       ||    41
       Chain mail        |     4 |     4 ||     8
Dodge: Dodged            |    46 |       ||    46
Block: Buckler           |    32 |     2 ||    34

Table legend: (Time is in decaauts)
 A = Elapsed time spent in this place.
 B = Non-inter-level travel time spent in this place.
 C = Inter-level travel time spent in this place.
 D = Time resting spent in this place.
 E = Time spent auto-exploring this place.
 F = Levels seen in this place.
 G = Mean time per level.
                   A        B        C        D        E       F      G
               +--------+--------+--------+--------+--------+-----+--------+
         Total |   1198 |   1102 |     96 |      0 |    765 |   2 |  599.0 |
       Dungeon |   1198 |   1102 |     96 |      0 |    765 |   2 |  599.0 |
               +--------+--------+--------+--------+--------+-----+--------+

Top non-repeatable levels by time:
     D:1: 892 daAuts
     D:2: 305 daAuts
